AoeStats
← hardye.abbed

Arena

505951185Analyzed
1v1 RM · 20d ago on Sep 11, 2026· 39m 52s· 2 players
Game mode
Random Map
Map size
Tiny (2 player)
Population
200
Speed
Normal
Resources
Standard
Victory
Conquest
Starting age
Dark Age
Ending age
Imperial Age
RankedLock teamsTeams togetherTeam positionsShared explorationLock speedFull tech treeHidden civsTurbo modeCheats
Victory
Defeat
🇹🇷 Goths · Türkiye
795
+15
🇬🇹 Franks · Guatemala
773
-35
hardye.abbed
0:31 Loom
11:46 Feudal Age
12:38 Double-Bit Axe
19:01 Wheelbarrow
21:19 Castle Age
19:39 Stone Mining
21:13 Forging
21:05 Padded Archer Armor
22:38 Fletching
22:50 Scale Mail Armor
22:57 Scale Barding Armor
23:33 Man-at-Arms
24:00 Gambesons
25:27 Bow Saw
26:23 Murder Holes
26:56 Squires
28:26 Guard Tower
28:51 Gold Mining
30:07 Ballistics
31:26 Hand Cart
31:03 Pikeman
31:29 Arson
31:08 Elite Skirmisher
32:18 Long Swordsman
33:23 Town Watch
33:59 Fervor
34:41 Gold Shaft Mining
33:36 Light Cavalry
34:17 Husbandry
34:58 Masonry
34:59 Fortified Wall
34:31 Crossbowman
36:31 Iron Casting
36:14 Chain Mail Armor
36:14 Leather Archer Armor
35:55 Bodkin Arrow
40:07 Imperial Age
CarbonBow
10:58 Feudal Age
12:20 Wheelbarrow
14:59 Castle Age
13:06 Horse Collar
13:40 Double-Bit Axe
15:16 Stone Mining
16:20 Bow Saw
19:37 Heavy Plow
21:03 Gold Mining
22:06 Stone Shaft Mining
25:26 Hand Cart
25:14 Loom
27:47 Anarchy
31:54 Imperial Age
29:44 Squires
29:49 Scale Mail Armor
30:35 Forging
32:09 Chain Mail Armor
32:30 Iron Casting
32:18 Ballistics
32:36 Elite Huskarl
35:22 Blast Furnace
33:45 Pikeman
35:58 Halberdier
37:07 Conscription
39:05 Chemistry
39:40 Herbal Medicine
Connection lost

Rejoining the realm…

Still unreachable

The connection could not be restored.

Session expired

The server has moved on; the page needs a fresh start.